 Dungeon Crawl Stone Soup version 0.30-a0-172-gc5509c9e31 (webtiles) character file.

Game seed: 7820050299999301778

1918 PyroL the Transmogrifier (level 9, -5/53 HPs)
             Began as an Octopode Transmuter on Oct 2, 2022.
             Slain by a killer bee (9 damage)
             ... on level 7 of the Dungeon.
             The game lasted 00:21:24 (7723 turns).

PyroL the Transmogrifier (Octopode Transmuter)      Turns: 7723, Time: 00:21:25

Health: -5/53      AC:  1    Str: 10    XL:     9   Next: 16%
Magic:  6/12       EV: 13    Int: 19    God:
Gold:   350        SH:  0    Dex: 18    Spells: 6/12 levels left

rFire   . . .      SeeInvis .      - Unarmed
rCold   . . .      Faith    .    (no shield)
rNeg    . . .      Spirit   .    (helmet restricted)
rPois   .          Reflect  .    (no amulet)
rElec   .          Harm     .    i - +6 ring of dexterity
rCorr   .          Rampage  .    (no ring)
Will    .....                    (no ring)
Stlth   +++.......               (no ring)
HPRegen 0.28/turn                (no ring)
MPRegen 0.13/turn                (no ring)
                                 (no ring)
                                 (no ring)

@: lethally poisoned (-5 -> -18), about to teleport, very slightly contaminated
A: almost no armour, amphibious, 8 rings, camouflage 1, gelatinous body 1,
(nimble swimmer 1), tentacles
a: no special abilities


You were on level 7 of the Dungeon.
You visited 1 branch of the dungeon, and saw 9 of its levels.

You collected 350 gold pieces.

Inventory:

Hand Weapons
 y - the +2 hammer of Zalaucw {vorpal, rN+}
   (You found it on level 5 of the Dungeon)

   It inflicts extra damage upon your enemies.
   rN:        It protects you from negative energy.
 z - the +2 hammer "Huar Fiph" {protect, rPois}
   (You found it on level 5 of the Dungeon)

   It grants its wielder temporary protection when it strikes (+7 to AC).
   rPois:     It protects you from poison.
 A - the +7 hammer "Gosor" {chaos, rF+ rCorr}
   (You found it on level 5 of the Dungeon)

   Each time it hits an enemy it has a different, random effect.
   rF:        It protects you from fire.
   rCorr:     It protects you from acid and corrosion.
Missiles
 s - 24 poisoned darts
Jewellery
 i - a +6 ring of dexterity (left tentacle)
 u - a ring of fire
Wands
 q - a wand of flame (14)
 B - a wand of iceblast (7)
 C - a wand of polymorph (14)
Scrolls
 c - 2 scrolls of vulnerability
 d - a scroll of summoning
 f - 3 scrolls of torment {unknown}
 j - 2 scrolls of acquirement {unknown}
 l - a scroll of fog {unknown}
 n - 4 scrolls of magic mapping
 o - 2 scrolls of immolation
 p - 2 scrolls of teleportation
 r - a scroll of enchant weapon {unknown}
 w - a scroll of blinking {unknown}
 x - a scroll of brand weapon {unknown}
 E - a scroll of silence {unknown}
Potions
 a - a potion of lignification
 b - a potion of invisibility {unknown}
 e - a potion of berserk rage {unknown}
 g - 3 potions of curing
 h - a potion of cancellation {unknown}
 m - 4 potions of heal wounds {unknown}
 t - a potion of attraction
 v - a potion of might {unknown}
 D - a potion of mutation {unknown}


   Skills:
 - Level 1.0 Fighting
 - Level 2.0 Dodging
 + Level 7.9 Unarmed Combat
 - Level 2.0 Spellcasting
 + Level 9.3 Transmutations


You had 6 spell levels left.
You knew the following spells:

 Your Spells              Type           Power      Damage    Failure   Level
a - Beastly Appendage     Tmut           74%        N/A       1%          1
b - Wereblood             Tmut           37%        N/A       1%          2
c - Spider Form           Tmut/Pois      19%        N/A       8%          3

Your spell library contained the following spells:

 Spells                   Type           Power      Damage    Failure   Level
 Freeze                   Ice            4%         1d3       17%         1
 Kiss of Death            Conj/Necr      4%         2d5       17%         1
 Shock                    Conj/Air       4%         1d3       17%         1
 Ice Form                 Ice/Tmut       19%        N/A       24%         4
 Petrify                  Tmut/Erth      19%        N/A       24%         4
 Sublimation of Blood     Necr           1%         N/A       26%         2
 Confusing Touch          Hex            1%         N/A       45%         3
 Frozen Ramparts          Ice            2%         1d1       45%         3
 Hailstorm                Conj/Ice       1%         3d3       45%         3
 Irradiate                Conj/Tmut      9%         3d14      56%         5
 Dispel Undead            Necr           1%         3d6       86%         4
 Silence                  Hex/Air        0%         N/A       99%         5
 Conjure Ball Lightning   Conj/Air       0%         3x3d6     100%        6
 Simulacrum               Ice/Necr       0%         N/A       100%        6


Dungeon Overview and Level Annotations

Branches:
Dungeon (9/15)
 Temple: D:4-7         Lair: D:8-11         Orc: D:9-12

Altars:
Sif Muna
Xom


Innate Abilities, Weirdness & Mutations

You cannot wear most types of armour.
You are amphibious.
You can wear up to eight rings at the same time.
Your skin changes colour to match your surroundings (Stealth+).
Your rubbery body absorbs attacks. (AC +1, EV +1)
((You are camouflaged when in or above water. (Stealth+)))
You have tentacles for arms and can constrict up to eight enemies at once.


Message History

You are more poisoned.
The killer bee poisons you!
A killer bee comes into view.
The killer bee barely misses you.
You hit the killer bee.
The killer bee is poisoned.
The killer bee is heavily wounded.
You feel very sick. The killer bee stings you.
An iguana comes into view.
The killer bee closely misses you.
Your transformation has ended.
You feel very sick.
You kill the killer bee!
The killer bee misses you. The killer bee stings you.
* * * LOW HITPOINT WARNING * * *
You are lethally poisoned!
The killer bee poisons you! The killer bee barely misses you.
The killer bee completely misses you. The killer bee stings you.
* * * LOW HITPOINT WARNING * * *
Okay, then.
You feel better. The killer bee stings you!
* * * LOW HITPOINT WARNING * * *
You are poisoned.
The killer bee poisons you! The killer bee stings you.
* * * LOW HITPOINT WARNING * * *
You are more poisoned.
The killer bee poisons you! The killer bee stings you.
* * * LOW HITPOINT WARNING * * *
The killer bee stings you.
* * * LOW HITPOINT WARNING * * *
The killer bee stings you.
* * * LOW HITPOINT WARNING * * *
As you read the scroll of teleportation, it crumbles to dust.
You feel strangely unstable.
* * * LOW HITPOINT WARNING * * *
You feel very sick.
The iguana hisses angrily.
The killer bee misses you. The killer bee completely misses you.
The killer bee stings you!
You die...

. .. #. .... #. ..#.##
.##....# #### ..#...####
...# ........# ...###
##.......## ..<..###
#####y.........
.......#####.#..@yy.......
................#y.....).y
...............###........
..............## #........
..#...........# .........
..#####.....### .........
+# .......# ......##..
........# ....l.. .
........# ##.......


You could see an iguana and 4 killer bees.

Vanquished Creatures
  Grinder (D:5)
  Menkaure (D:6)
  An orc warrior (D:6)
  An ice beast (D:5)
  A centaur (D:9)
  2 kobold brigands
  2 bullfrogs
  2 scorpions
  A killer bee (D:7)
  A howler monkey (D:4)
  A jelly (D:5)
  3 hounds
  5 orc priests
  Crazy Yiuf (D:5)
  Ijyb (D:4)
  Terence (D:2)
  3 iguanas
  6 orc wizards
  3 gnolls (D:4)
  9 adders
  A shadow imp (D:5)
  A white imp (D:3)
  2 ufetubi
  5 worms
  A dart slug (D:4)
  22 orcs
  5 bats
  8 endoplasms
  6 giant cockroaches
  7 goblins
  9 hobgoblins
  11 jackals
  8 quokkas
  5 ball pythons
  7 frilled lizards
  18 kobolds
  5 rats
167 creatures vanquished.

Notes
Turn   | Place    | Note
-------+----------+-------------------------------------------
     0 | D:1      | PyroL the Octopode Transmuter began the quest for the Orb.
     0 | D:1      | Reached XP level 1. HP: 13/13 MP: 3/3
   193 | D:1      | Reached XP level 2. HP: 18/18 MP: 3/5
   241 | D:1      | Learned a level 2 spell: Wereblood
   655 | D:1      | Reached XP level 3. HP: 19/23 MP: 4/6
   659 | D:1      | Learned a level 3 spell: Spider Form
   976 | D:2      | Noticed Terence
  1319 | D:2      | Found a faded altar of an unknown god.
  1948 | D:2      | Killed Terence
  1949 | D:2      | Reached skill level 3 in Transmutations
  1949 | D:2      | Reached XP level 4. HP: 10/28 MP: 3/7
  2058 | D:3      | Noticed a scorpion
  2368 | D:3      | Reached XP level 5. HP: 33/33 MP: 6/8
  2409 | D:3      | Reached skill level 4 in Transmutations
  2424 | D:3      | Reached skill level 5 in Unarmed Combat
  2424 | D:3      | Reached XP level 6. HP: 18/38 MP: 3/9
  3014 | D:4      | Reached skill level 5 in Transmutations
  3244 | D:4      | Noticed Ijyb
  3258 | D:4      | Killed Ijyb
  3582 | D:4      | Reached XP level 7. HP: 37/43 MP: 7/10
  4120 | D:5      | Entered Level 5 of the Dungeon
  4253 | D:5      | Reached skill level 6 in Transmutations
  4662 | D:5      | Noticed Grinder
  4905 | D:5      | Identified the +7 hammer "Gosor" {chaos, rF+ rCorr}
  4907 | D:5      | Identified the +2 hammer "Huar Fiph" {protect, rPois}
  4908 | D:5      | Identified the +2 hammer of Zalaucw {vorpal, rN+}
  4921 | D:5      | Found a runed translucent door.
  4922 | D:5      | Noticed Crazy Yiuf
  4958 | D:5      | Killed Crazy Yiuf
  5087 | D:5      | Reached skill level 7 in Transmutations
  5205 | D:5      | Reached XP level 8. HP: 19/48 MP: 9/11
  5655 | D:5      | Paralysed by Grinder for 2 turns
  5665 | D:5      | Paralysed by Grinder for 4 turns
  5684 | D:5      | Killed Grinder
  5983 | D:6      | Found a shimmering blue altar of Sif Muna.
  5988 | D:6      | Noticed Menkaure
  5999 | D:6      | Killed Menkaure
  6107 | D:6      | You fall into a shaft and drop 3 floors!
  6194 | D:9      | Reached skill level 8 in Transmutations
  6346 | D:9      | Found a shimmering altar of Xom.
  6707 | D:8      | Reached skill level 9 in Transmutations
  6790 | D:6      | Reached XP level 9. HP: 39/53 MP: 7/12
  7006 | D:6      | Got the Omnibus of the Sky
  7723 | D:7      | Slain by a killer bee

Illustrated notes

Levels and vault maps discovered:
D:1:      ebering_hopf_link, layout_loops_ring, serial_glass, glass_columns_b,
          glass_columns_a, glass_columns_a, glass_columns_b
D:2:      layout_basic, ebering_ecumenical_altar_petrified, uniq_terence
D:3:      layout_basic, minmay_divided_ellipse
D:4:      layout_gridville, cheibrodos_sewer_entry_bend,
          kennysheep_generic_room_15, uniq_ijyb
D:5:      layout_basic, uniq_grinder, uniq_crazy_yiuf_cottage
D:6:      layout_basic, overflow_temple_1_default, uniq_menkaure
D:7:      layout_cave_pools, minmay_temple_entry_glassed_door,
          minmay_misc_feat_alley, kennysheep_generic_room_5
D:8:      layout_gridville, nicolae_overflow_two_pavilions, tgw_kikubaaqudgha,
          grunt_ministairs_2, grunt_livestock, minmay_hollow_rounded_squares
D:9:      layout_basic, kennysheep_mini

Skill      XL: |  1  2  3  4  5  6  7  8 |
---------------+-------------------------+-----
Unarmed Combat | 4 5 6 7 |  7.9
Transmutations | 3 4 5 7 9 |  9.3
Fighting       | |  1.0
Dodging        | |  2.0
Spellcasting   | |  2.0

Action                   |  1- 3 |  4- 6 |  7- 9 || total
-------------------------+-------+-------+-------++-------
Melee: Unarmed           |    88 |    95 |   220 ||   403
       Constrict         |    22 |    28 |    22 ||    72
       Kick              |    25 |    40 |    24 ||    89
       Tentacles         |    11 |    25 |    18 ||    54
       Punch             |     2 |     3 |     3 ||     8
 Cast: Beastly Appendage |    29 |    29 |    20 ||    78
       Wereblood         |     2 |     6 |    12 ||    20
       Spider Form       |     1 |     2 |    20 ||    23
 Abil: End Transformatio |     1 |     1 |     6 ||     8
  Use: Scroll            |       |     3 |     5 ||     8
       Potion            |       |       |     3 ||     3
 Stab: Sleeping          |     8 |     5 |     2 ||    15
Armor: Skin              |     6 |     5 |    26 ||    37
Dodge: Dodged            |    61 |    47 |   186 ||   294

Table legend: (Time is in decaauts)
 A = Elapsed time spent in this place.
 B = Non-inter-level travel time spent in this place.
 C = Inter-level travel time spent in this place.
 D = Time resting spent in this place.
 E = Time spent auto-exploring this place.
 F = Levels seen in this place.
 G = Mean time per level.
                   A        B        C        D        E       F      G
               +--------+--------+--------+--------+--------+-----+--------+
         Total |   7680 |   7403 |    277 |    862 |   5037 |   9 |  853.3 |
       Dungeon |   7680 |   7403 |    277 |    862 |   5037 |   9 |  853.3 |
               +--------+--------+--------+--------+--------+-----+--------+

Top non-repeatable levels by time:
     D:5: 1829 daAuts
     D:4: 1178 daAuts
     D:2: 1141 daAuts
     D:6: 1049 daAuts
     D:3: 953 daAuts
     D:1: 884 daAuts
     D:9: 311 daAuts
     D:8: 300 daAuts
     D:7: 33 daAuts
